AoeStats
← MrStormyZ

Arena

509893500Analyzed
1v1 RM · 4d ago on Sep 28, 2026· 105m 49s· 2 players
Game mode
Random Map
Map size
Tiny (2 player)
Population
200
Speed
Normal
Resources
Standard
Victory
Conquest
Starting age
Dark Age
Ending age
Imperial Age
RankedLock teamsTeams togetherTeam positionsShared explorationLock speedFull tech treeHidden civsTurbo modeCheats
Victory
Defeat
🇧🇪 Portuguese · Belgium
953
+17
🇮🇳 Hindustanis · India
981
-17
lucasend
12:21 Feudal Age
16:11 Castle Age
16:25 Double-Bit Axe
16:21 Horse Collar
20:20 Loom
23:30 Bow Saw
28:41 Imperial Age
28:52 Wheelbarrow
28:03 Town Watch
28:39 Heavy Plow
30:22 Chemistry
29:48 Stone Mining
31:04 Town Patrol
32:13 Stone Shaft Mining
31:07 Pikeman
33:37 Crop Rotation
33:48 Hand Cart
34:06 Scale Mail Armor
35:25 Siege Engineers
35:57 Forging
35:17 Halberdier
37:05 Chain Mail Armor
37:25 Iron Casting
39:02 Two-Man Saw
38:30 Arquebus
40:14 Plate Mail Armor
40:44 Blast Furnace
44:28 Gambesons
44:29 Arson
45:09 Elite Organ Gun
51:59 Bombard Tower
51:50 Fortified Wall
51:51 Masonry
55:09 Husbandry
55:19 Bloodlines
54:30 Cavalier
55:18 Scale Barding Armor
74:55 Chain Barding Armor
75:12 Architecture
80:46 Circumnavigation
80:17 Sappers
81:07 Conscription
84:50 Plate Barding Armor
89:59 Light Cavalry
90:38 Murder Holes
101:54 Guard Tower
102:25 Ballistics
106:42 Keep
105:57 Heated Shot
105:48 Treadmill Crane
MrStormyZ
9:59 Feudal Age
11:28 Wheelbarrow
11:37 Double-Bit Axe
12:43 Wheelbarrow
12:06 Horse Collar
15:33 Town Watch
18:01 Castle Age
19:24 Hand Cart
19:25 Bow Saw
19:32 Heavy Plow
19:43 Town Patrol
20:01 Bloodlines
19:51 Husbandry
24:33 Forging
28:01 Gold Mining
28:01 Stone Mining
32:24 Imperial Age
30:03 Stone Mining
30:49 Gold Shaft Mining
32:34 Stone Shaft Mining
32:04 Loom
32:35 Heavy Camel Rider
33:23 Scale Barding Armor
33:54 Iron Casting
35:23 Chain Barding Armor
36:50 Two-Man Saw
37:01 Chemistry
36:22 Ballistics
35:57 Murder Holes
36:36 Conscription
37:40 Plate Barding Armor
36:51 Imperial Camel Rider
38:15 Shatagni
39:23 Blast Furnace
38:45 Fervor
38:51 Block Printing
44:13 Devotion
44:34 Sanctity
44:25 Grand Trunk Road
45:00 Hoardings
46:52 Siege Elephant
49:35 Squires
50:53 Onager
55:17 Fortified Wall
55:17 Masonry
55:13 Siege Engineers
59:14 Light Cavalry
60:49 Hussar
62:41 Thumb Ring
62:34 Fletching
62:44 Padded Archer Armor
63:50 Bodkin Arrow
64:41 Leather Archer Armor
65:23 Elite Skirmisher
68:20 Bracer
68:50 Ring Archer Armor
103:36 Pikeman
Connection lost

Rejoining the realm…

Still unreachable

The connection could not be restored.

Session expired

The server has moved on; the page needs a fresh start.